 Dungeon Crawl Stone Soup version 0.28-a0-474-g535839065c (webtiles) character file.

Game seed: 3000160184245804067

0 spiderkeys the Skirmisher (level 1, -7/16 HPs)
             Began as an Octopode Abyssal Knight on Sept 15, 2021.
             Was a Follower of Lugonu.
             Mangled by a tentacled starspawn (16 damage)
             ... on level 3 of the Abyss.
             The game lasted 00:00:29 (172 turns).

spiderkeys the Skirmisher (Octopode Abyssal Knight)  Turns: 172, Time: 00:00:30

Health: -7/16      AC:  1    Str: 11    XL:     1   Next: 0%
Magic:  2/2        EV: 13    Int: 14    God:    Lugonu [*.....]
Gold:   71         SH:  0    Dex: 11    Spells: 0/0 levels left

rFire   . . .      SeeInvis .   a - +1 spear
rCold   . . .      Faith    .   (no shield)
rNeg    . . .      Spirit   .   (helmet restricted)
rPois   .          Reflect  .   (no amulet)
rElec   .          Harm     .   (no ring)
rCorr   .          Rampage  .   (no ring)
Will    .....                   (no ring)
Stlth   ++........              (no ring)
HPRegen 0.05/turn               (no ring)
MPRegen 0.08/turn               (no ring)
                                (no ring)
                                (no ring)

@: no status effects
A: almost no armour, amphibious, 8 rings, camouflage 1, gelatinous body 1,
(nimble swimmer 1), tentacles
a: Renounce Religion, Depart the Abyss


You were on level 3 of the Abyss.
You worshipped Lugonu.
Lugonu was aware of your devotion.
You visited 0 branches of the dungeon, and saw 0 of its levels.
You visited the Abyss 1 time.

You collected 71 gold pieces.


Innate Abilities, Weirdness & Mutations

You cannot wear most types of armour.
You are amphibious.
You can wear up to eight rings at the same time.
Your skin changes colour to match your surroundings (Stealth+).
Your rubbery body absorbs attacks. (AC +1, EV +1)
((You are camouflaged near water. (Stealth+)))
You have tentacles for arms and can constrict up to eight enemies at once.


   Skills:
 + Level 3.0 Fighting
 + Level 2.0 Polearms
 + Level 2.3 Dodging
 + Level 2.0 Invocations


You couldn't memorise any spells.
You didn't know any spells.
Your spell library was empty.

Inventory:

Hand Weapons
 a - a +1 spear (weapon)
Missiles
 f - 13 poisoned darts
Magical Staves
 e - a staff of cold {!a}
   (You found it on level 2 of the Abyss)
Scrolls
 b - a scroll of holy word {unknown}
 d - a scroll of silence {unknown}
Potions
 c - a potion of curing {unknown}

Dungeon Overview and Level Annotations

Branches:
Dungeon (0/15)

Altars:

# #...# #.
#........#.
######....# #.#...
#.................
##........ . ......
###...#....#......##.
#..#...#...#...#...#.
####.X....X. ........
#.@.##.##.#.# ....
##...##..#...... ..
.....# . .[.. . ...
##...#........ (. .
#.... ...##.. ...
#.......# .# . .
#.....#...#.....X.
#..........##. . . .#
.#. . #.#


You could see a tentacled starspawn and a large abomination.


Message History

🤖 Initializing magus.rc ...
Options error: Delay interrupt name "hungry" not recognised. (~/.crawlrc:4988) ✅ Successfully initialized magus.rc [v1.9.10] Welcome, spiderkeys the Octopode Abyssal Knight.
Will you be the one to retrieve the legendary Orb of Zot from the depths?
Lugonu says: Depart the Abyss and spread corruption, my servant! (use the ability menu to exit the Abyss) Press ? for a list of commands and other information.
Found a ring mail.
Found a corrupted altar of Lugonu.
Found a gateway leading out of the Abyss.
You now have 14 gold pieces.
Found a gateway leading deeper into the Abyss.
A starcursed mass comes into view.
A starcursed mass splits.
A chorus of shrieks assaults your mind. 😮 HP[-5]
You take 5 damage, and now have 11/16 hp.
MASSIVE DAMAGE!! (PAUSE)
A starcursed mass splits.
There is a gateway leading deeper into the Abyss here.
A chorus of shrieks assaults your mind.
* * * LOW HITPOINT WARNING * * *
You plunge deeper into the Abyss. 😨 HP[-6]
You take 6 damage, and now have 5/16 hp.
MASSIVE DAMAGE!! (PAUSE)
You now have 38 gold pieces (gained 24). 😨 HP[+1]
b - a scroll labelled IMPOAGUAZE
c - a fuming puce potion A raiju comes into view. 😨 HP[+1]
Found 33 gold pieces.
Found a gateway leading deeper into the Abyss.
d - a scroll labelled KEIPHE SIPUFE
Okay, then.
e - a staff of cold {!a} A rust devil comes into view.
You now have 71 gold pieces (gained 33). 😨 HP[+1]
There is a gateway leading deeper into the Abyss here.
You plunge deeper into the Abyss.
The abyssal rune of Zot can be found at this depth.
You see here a +0 scale mail.
f - 13 poisoned darts A large abomination comes into view.
You see here 24 arrows. 😮 HP[+1]
A tentacled starspawn comes into view.
Tentacles burst from the starspawn's body! 2 starspawn tentacles come into view.
The tentacled starspawn bites you!
Ouch! That really hurt!
You die...

Levels and vault maps discovered:
Abyss:3:  base: Temple, due_evilmike_abyss_rune_seething_liches

Notes
Turn   | Place    | Note
-------+----------+-------------------------------------------
     0 | Abyss:1  | spiderkeys the Octopode Abyssal Knight began the quest for
                  | the Orb.
     0 | Abyss:1  | Reached XP level 1. HP: 16/16 MP: 2/2
     0 | Abyss:1  | magus.rc [v1.9.10]
    89 | Abyss:1  | Noticed a starcursed mass
   119 | Abyss:2  | Noticed a raiju
   137 | Abyss:2  | Noticed a rust devil
   153 | Abyss:3  | Noticed a large abomination
   162 | Abyss:3  | Noticed a tentacled starspawn
   172 | Abyss:3  | Mangled by a tentacled starspawn

Vanquished Creatures (others)
  2 starspawn tentacles (Abyss:3)
2 creatures vanquished.

Table legend:
 A = Non-vault XP
 B = Vault XP
 C = Vault XP percentage of total XP
 D = Non-vault monster count
 E = Vault monster count
 F = Vault count percentage of total count
                 A         B        C        D         E       F
            +---------+---------+-------+---------+---------+-------
      Total |       0 |       0 |   N/A |       0 |       0 |  -nan
            +---------+---------+-------+---------+---------+-------
            +---------+---------+-------+---------+---------+-------

Illustrated notes

Table legend: (Time is in decaauts)
 A = Elapsed time spent in this place.
 B = Non-inter-level travel time spent in this place.
 C = Inter-level travel time spent in this place.
 D = Time resting spent in this place.
 E = Time spent auto-exploring this place.
 F = Levels seen in this place.
 G = Mean time per level.
                   A        B        C        D        E       F      G
               +--------+--------+--------+--------+--------+-----+--------+
         Total |    171 |    171 |      0 |      0 |     85 |   3 |   57.0 |
         Abyss |    171 |    171 |      0 |      0 |     85 |   3 |   57.0 |
               +--------+--------+--------+--------+--------+-----+--------+

Top non-repeatable levels by time:
 Abyss:1: 95 daAuts
 Abyss:2: 50 daAuts
 Abyss:3: 25 daAuts
